 Dungeon Crawl Stone Soup version 0.28-a0-21-gf74fda84f9 (webtiles) character file.

Game seed: 1761270069766266134

40 willcat the Sneak (level 3, -12/29 HPs)
             Began as a Human Delver on July 26, 2021.
             Mangled by an ice beast (13 damage)
             ... on level 6 of the Dungeon.
             The game lasted 00:00:51 (340 turns).

willcat the Sneak (Human Delver)                     Turns: 340, Time: 00:00:52

Health: -12/29     AC:  5    Str: 13    XL:     3   Next: 72%
Magic:  3/3        EV:  6    Int: 10    God:
Gold:   43         SH:  0    Dex: 14    Spells: 2/2 levels left

rFire   . . .      SeeInvis .     - Unarmed
rCold   . . .      Faith    .   (no shield)
rNeg    . . .      Spirit   .   g - +0 ring mail
rPois   .          Reflect  .   (no helmet)
rElec   .          Harm     .   (no cloak)
rCorr   .          Rampage  .   (no gloves)
Will    .....                   (no boots)
Stlth   ++........              (no amulet)
HPRegen 0.09/turn               (no ring)
MPRegen 0.08/turn               (no ring)

@: held
A: no striking features
a: no special abilities


You were on level 6 of the Dungeon.
You visited 1 branch of the dungeon, and saw 2 of its levels.

You collected 43 gold pieces.

Inventory:

Armour
 a - a +0 leather armour
 g - a +0 ring mail (worn)
Wands
 f - a wand of digging (3)
Scrolls
 b - a scroll of fog
 c - a scroll of magic mapping
 d - a scroll of fear


   Skills:
 - Level 3.0 Fighting
 + Level 0.0 Armour
 - Level 3.8 Dodging
 - Level 5.0 Stealth
 - Level 2.0 Unarmed Combat


You had 2 spell levels left.
You didn't know any spells.
Your spell library was empty.

Dungeon Overview and Level Annotations

Branches:
Dungeon (6/15)
 Temple: D:4-7

Altars:


Message History

There is a stone staircase leading up here.
Found a stone staircase leading up.
You see here a +0 war axe.
Okay, then.
You start removing your armour.
You continue taking off your +0 leather armour. x4
You finish taking off your +0 leather armour.
You start putting on your armour.
You continue putting on your +0 ring mail. x5
You finish putting on your +0 ring mail.
Unknown command.
Your extra speed is starting to run out.
Found a pink potion.
You feel yourself slow down.
e - a pink potion You start resting.
HP restored.
An ice beast comes into view.
The ice beast hits you. The ice beast freezes you! The ice beast hits you.
The ice beast freezes you!
* * * LOW HITPOINT WARNING * * *
Okay, then.
You see here a +0 war axe.
A shadow imp comes into view.
The shadow imp shouts, "Away with thee, thou mangled clapper-clawed mish-mash!"
You hear a shout!
The ice beast hits you but does no damage.
Unknown command.
A water moccasin skeleton comes into view.
A gnoll comes into view. It is wielding a +0 whip.
The ice beast closely misses you.
It was a potion of magic.
Magic courses through your body.
Unknown command.
The gnoll throws a throwing net.
The throwing net hits you.
You become entangled in the net!
You see here a throwing net.
You tear a large gash into the net.
The ice beast hits you.
* * * LOW HITPOINT WARNING * * *
The ice beast freezes you!
You die...

.. .. #.# #........#
#.#.##.####.####.###
#...#............#
#..)####.###..#
#..### #.# #..#
#...5# #.# #..#
##.#.# #.# #..#
#..##<#Y# #.# #..#
#.....@.# #.# #..#
................#..#
.###.#....###.#.#..#
#.#..... ..#.#### #
####g##### # ...
..## ##


You could see an ice beast, a gnoll and a shadow imp.

Vanquished Creatures
  A howler monkey (D:5)
1 creature vanquished.

Notes
Turn   | Place    | Note
-------+----------+-------------------------------------------
     0 | D:5      | willcat the Human Delver began the quest for the Orb.
     0 | D:5      | Reached XP level 1. HP: 18/18 MP: 1/1
    44 | D:5      | Noticed a howler monkey
    68 | D:5      | Noticed an iguana
    75 | D:5      | Killed a howler monkey
    76 | D:5      | Reached XP level 2. HP: 8/24 MP: 2/2
    76 | D:5      | Reached XP level 3. HP: 9/29 MP: 3/3
   320 | D:6      | Noticed an ice beast
   340 | D:6      | HP: 1/29 [ice beast (2)]
   340 | D:6      | Mangled by an ice beast

Illustrated notes

Levels and vault maps discovered:
D:5:      layout_rooms, temple_doors_cd
D:6:      layout_basic, hangedman_abyss_or_decor_stabs

Skill      XL: |  1 |
---------------+----+-----
Dodging        | 3 |  3.8
Fighting       | |  3.0
Stealth        | |  5.0
Unarmed Combat | |  2.0

Action                   || total
-------------------------++-------
Melee: Unarmed           ||    22
  Use: Potion            ||     2
Armor: Leather armour    ||     2
       Ring mail         ||     1
Dodge: Dodged            ||    10

Table legend: (Time is in decaauts)
 A = Elapsed time spent in this place.
 B = Non-inter-level travel time spent in this place.
 C = Inter-level travel time spent in this place.
 D = Time resting spent in this place.
 E = Time spent auto-exploring this place.
 F = Levels seen in this place.
 G = Mean time per level.
                   A        B        C        D        E       F      G
               +--------+--------+--------+--------+--------+-----+--------+
         Total |    319 |    319 |      0 |    187 |      0 |   2 |  159.5 |
       Dungeon |    319 |    319 |      0 |    187 |      0 |   2 |  159.5 |
               +--------+--------+--------+--------+--------+-----+--------+

Top non-repeatable levels by time:
     D:6: 244 daAuts
     D:5: 74 daAuts
